Unix NetHack Version 3.7.0-88 Work-in-progress - last build Aug 6 2023 13:40:22 (5c9c4c7fffe0d5f0a8b1342c2a36a56ed743986a,branch:master). Game began 2023-08-15 08:39:08, ended 2023-08-15 09:41:35. puncake, chaotic male orcish Rogue ---------------- ----------- |..............| |{..^>....| #...............|####0 |.........| #|.........`....|# --.-|------ #####-------------.--# # # # ##### ##### # ########0# #### # #### #### ### ## # # # ## ---.----------- ### # ### ## |.............| -.---# # # |.............| ### |..{|##### # ###-.............| ##### |....## ---.- # ---------------## |...| # |...+ #)################## |...-## |...| % |^..| |..<| f# ----- |..`.@a ----- Puncake the Cutpurse St:16 Dx:18 Co:13 In:9 Wi:11 Ch:7 Chaotic S:573 Dlvl:6 $:49 HP:0(27) Pw:14(14) AC:7 Xp:3/66 T:2399 Latest messages: You hear the footsteps of a guard on patrol. You hit the rothe. The rothe hits! The rothe misses! The rothe bites! You hear some noises. You stop. Bingus is in the way! You swap places with Bingus. You attack thin air. The dwarf zombie hits! The dwarf zombie hits! Bingus bites the dwarf zombie. The dwarf zombie misses Bingus. Bingus bites it. You hear some noises. You hear some noises in the distance. You hear some noises. It bites the dwarf zombie. The dwarf zombie misses it. You hit the dwarf zombie. It misses the dwarf zombie. You destroy the dwarf zombie! You swap places with Bingus. You see here a dwarf corpse. You miss the dwarf zombie. You destroy the dwarf zombie! The giant ant bites! In what direction? The orcish dagger misses the giant ant. The giant ant bites! In what direction? The orcish dagger misses the giant ant. The giant ant bites! In what direction? You throw 2 orcish daggers. The 1st orcish dagger misses the giant ant. The 2nd orcish dagger hits the giant ant. The giant ant bites! The giant ant bites! Bingus misses the giant ant. Bingus misses the giant ant. The giant ant bites! Bingus bites the giant ant. The giant ant misses Bingus. What do you want to read? As you read the scroll, it disappears. Who was that Maud person anyway? The giant ant bites! You die... Do you want to see the dungeon overview? q Inventory: Coins $ - 49 gold pieces Amulets k - a cursed amulet of strangulation named cursed Weapons b - an uncursed +0 orcish dagger (weapon in hand) i - 7 uncursed +0 orcish daggers (at the ready) a - an uncursed +0 orcish short sword (alternate weapon; not wielded) Armor j - an uncursed rusty +0 orcish helm (being worn) c - an uncursed +1 leather armor (being worn) Comestibles o - 2 uncursed food rations m - a cursed food ration q - an uncursed tripe ration g - an uncursed egg n - an uncursed egg Scrolls t - an uncursed scroll of food detection Potions u - an uncursed potion of gain energy y - an uncursed potion of levitation v - an uncursed potion of oil d - an uncursed potion of sickness Rings h - an uncursed +1 ring of gain constitution Wands r - an uncursed wand of nothing (0:4) p - an uncursed wand of undead turning (0:2) Tools f - an empty uncursed sack z - a blessed crystal ball (0:6) e - an uncursed lock pick s - an uncursed pair of lenses Gems/Stones w - an uncursed worthless piece of orange glass Puncake the Rogue's attributes: Background: You were a Cutpurse, a level 3 male orcish Rogue. You were chaotic, nominally on a mission for Kos who was opposed by Issek (lawful) and Mog (neutral). You were in the Dungeons of Doom, on level 6. You entered the dungeon 2399 turns ago. There was a new moon in effect when your adventure ended. You had 66 experience points, 14 more were needed to attain level 4. Your score was 573 before end-of-game adjustments. Basics: You had 0 out of 27 hit points. You had all 14 energy points (spell power). Your armor class was 7. Your wallet contained 49 zorkmids. Autopickup was on for '%$?!/="+' plus thrown, with exceptions. Final Characteristics: Your strength was 16 (limit:18/50). Your dexterity was 18 (limit:18). Your constitution was 13 (limit:18). Your intelligence was 9 (limit:16). Your wisdom was 11 (limit:16). Your charisma was 7 (limit:16). Final Status: You were not hungry. You were unencumbered. You were wielding a dagger. You had basic skill with dagger. Final Attributes: You were piously aligned. You were poison resistant. You were telepathic. You had infravision. You were stealthy. You were warded. You are dead. Miscellaneous: You never encountered a bones level. Total elapsed playing time was 43 minutes and 43 seconds. Major events: Turn 1: puncake the chaotic male orcish Rogue entered the dungeon 1356: entered the Gnomish Mines 1448: attained the rank of Cutpurse (level 3) 2399: killed by a giant ant Vanquished creatures: 2 giant ants a little dog 2 floating eyes a homunculus 2 rothes 2 dwarf zombies an iguana a manes a cave spider a red mold a gnome zombie 4 geckos 5 jackals a fox 2 sewer rats 2 grid bugs 4 lichens 7 newts 40 creatures vanquished. No species were genocided or became extinct. Voluntary challenges: You were an atheist. You read items or engraved 5 times. You never engraved Elbereth. You never genocided any monsters. You never polymorphed an object. You never changed form. You used no wishes. Achievements: You entered a shop. You entered the Gnomish Mines. You attained the rank of Cutpurse. The Dungeons of Doom: levels 1 to 6 Level 1: A fountain. Level 2: A fountain. Level 3: Level 4: A general store. Stairs down to The Gnomish Mines. Level 5: Level 6: <- You were here. A fountain, a sink. Final resting place for you, killed by a giant ant. The Gnomish Mines: Level 5: Game over: ---------- / \ / REST \ / IN \ / PEACE \ / \ | puncake | | 49 Au | | killed by a | | giant ant | | | | | | 2023 | *| * * * | * _________)/\\_//(\/(/\)/\//\/|_)_______ Goodbye puncake the Rogue... You died in The Dungeons of Doom on dungeon level 6 with 569 points, and 49 pieces of gold, after 2399 moves. You were level 3 with a maximum of 27 hit points when you died.